 Dungeon Crawl Stone Soup version 0.28.0-53-g5a82cb258f (webtiles) character file.

Game seed: 6963609540462279480

32 Descartes the Grasshopper (level 3, 0/27 HPs)
             Began as a Formicid Warper on Aug 13, 2022.
             Succumbed to a goblin's poison
             ... on level 1 of the Dungeon.
             The game lasted 00:01:44 (1883 turns).

Descartes the Grasshopper (Formicid Warper)         Turns: 1883, Time: 00:01:44

Health: 0/27       AC:  3    Str: 17    XL:     3   Next: 42%
Magic:  6/6        EV: 11    Int: 12    God:
Gold:   95         SH:  0    Dex: 10    Spells: 6/6 levels left

rFire   . . .      SeeInvis +   a - +0 mace
rCold   . . .      Faith    .   (no shield)
rNeg    . . .      Spirit   .   b - +0 leather armour
rPois   .          Reflect  .   (helmet unavailable)
rElec   .          Harm     .   (no cloak)
rCorr   .          Rampage  .   (no gloves)
Will    .....                   (no boots)
Stlth   +.........              (no amulet)
HPRegen 0.09/turn               (no ring)
MPRegen 0.10/turn               (no ring)

@: lethally poisoned (0 -> -4)
A: permanent stasis, dig shafts and tunnels, antennae 3, four strong arms
a: Dig, Shaft Self


You were on level 1 of the Dungeon.
You visited 1 branch of the dungeon, and saw 2 of its levels.

You collected 95 gold pieces.

Inventory:

Hand Weapons
 a - a +0 mace (weapon)
Missiles
 c - 5 boomerangs of dispersal (quivered)
Armour
 b - a +0 leather armour (worn)
Scrolls
 d - a scroll of enchant weapon {unknown}
 e - 2 scrolls of identify {unknown}
 f - a scroll of amnesia {unknown}


   Skills:
 - Level 2.1 Fighting
 + Level 0.7(1.9) Axes
 + Level 2.3(2.4) Maces & Flails
 + Level 1.0(1.2) Polearms
 - Level 1.0 Throwing
 + Level 1.6 Armour
 - Level 1.7 Dodging
 + Level 1.0 Shields
 - Level 2.1 Spellcasting
 + Level 2.9 Translocations


You had 6 spell levels left.
You didn't know any spells.
Your spell library contained the following spells:

 Spells                   Type           Power      Damage    Failure   Level
 Gell's Gravitas          Tloc           8%         N/A       28%         3
 Lesser Beckoning         Tloc           8%         N/A       28%         3
 Teleport Other           Tloc           8%         N/A       28%         3
 Manifold Assault         Tloc           8%         N/A       95%         5
 Blink                    Tloc           Unusable   N/A       N/A         2

Dungeon Overview and Level Annotations

Branches:
Dungeon (2/15)

Altars:


Innate Abilities, Weirdness & Mutations

You cannot be hasted, slowed, berserked, paralysed or teleported.
You can dig through walls and to a lower floor.
You have a pair of large antennae on your head. (SInv)
Your four strong arms can wield two-handed weapons with a shield.


Message History

You hit the goblin.
The goblin is heavily wounded.
You feel very sick. The goblin barely misses you.
You barely miss the goblin.
The goblin is heavily wounded.
You feel sick. The goblin hits you but does no damage.
You are more poisoned.
You closely miss the goblin.
The goblin is heavily wounded.
You feel very sick. The goblin barely misses you.
The goblin hits you but does no damage.
You are lethally poisoned!
You hit the goblin.
You kill the goblin!
You feel very sick.
You are too injured to fight recklessly!
You are too injured to fight recklessly!
You are too injured to fight recklessly!
You are too injured to fight recklessly!
You are too injured to fight recklessly!
You are too injured to fight recklessly!
There is a lethal amount of poison in your body!
Unknown command.
There is a lethal amount of poison in your body!
You feel very sick.
* * * LOW HITPOINT WARNING * * *
You feel very sick.
There is a stone staircase leading up here.
* * * LOW HITPOINT WARNING * * *
You feel sick.
You climb upwards.
* * * LOW HITPOINT WARNING * * *
You feel sick.
There is a stone staircase leading down here.
You aren't carrying any potions.
You aren't carrying any potions.
* * * LOW HITPOINT WARNING * * *
You feel sick.
You die...

#.......# #†#.#.#
#.<.#....... #.......#
#.#.#.# ############
#.......# #.#.#.#
#........... #.......#
#.#.#.# #.##########
#..[....# #.#...#
#.#......... #########
#.....# #.#.########
####..# #.#.# #.....#
#.#.# #.#.#@# #.#.#
#####.#.#######.#.# ###
#............##.#.# #.#
#............##.#.# #.#
#............##.#.####.#
#............##.#.##.#.###
#............##.#....#....
#............##.####.#####
#............##.####.# #


There were no monsters in sight!

Vanquished Creatures
  A dart slug (D:1)
  3 bats (D:1)
  3 endoplasms (D:1)
  3 giant cockroaches (D:1)
  5 goblins
  2 hobgoblins (D:1)
  2 kobolds (D:1)
  2 ball pythons (D:1)
  3 frilled lizards (D:1)
  2 rats (D:1)
26 creatures vanquished.

Notes
Turn   | Place    | Note
-------+----------+-------------------------------------------
     0 | D:1      | Descartes the Formicid Warper began the quest for the Orb.
     0 | D:1      | Reached XP level 1. HP: 16/16 MP: 3/3
   312 | D:1      | Reached XP level 2. HP: 10/22 MP: 5/5
   892 | D:1      | Reached XP level 3. HP: 21/27 MP: 6/6
  1133 | D:1      | Reached skill level 1 in Polearms
  1141 | D:1      | Reached skill level 1 in Shields
  1882 | D:1      | HP: 1/27 [poisoned by a goblin]
  1883 | D:1      | Succumbed to a goblin's poison

Illustrated notes

Levels and vault maps discovered:
D:1:      minmay_arrival_plants_in_alcoves, layout_basic
D:2:      layout_rooms, uniq_natasha, uniq_sigmund

Skill      XL: |  1  2  3 |
---------------+----------+-----
Polearms       | 1 |  1.0
Shields        | 1 |  1.0
Fighting       | |  2.1
Axes           | |  0.7
Maces & Flails | |  2.3
Throwing       | |  1.0
Armour         | |  1.6
Dodging        | |  1.7
Spellcasting   | |  2.1
Translocations | |  2.9

Action                   || total
-------------------------++-------
Melee: Mace              ||    82
       Punch             ||     1
Armor: Leather armour    ||    23
Dodge: Dodged            ||    60
